 Dungeon Crawl Stone Soup version 0.26.0-16-gc1dbca0489 (webtiles) character file.

Game seed: 15209603964082777615

41 Majorwet the Gusty (level 3, 0/26 HPs)
             Began as a Demonspawn Air Elementalist on Jan 19, 2021.
             Slain by Robin
             ... wielding a +0 trident
              (9 damage)
             ... on level 2 of the Dungeon.
             The game lasted 00:11:17 (1934 turns).

Majorwet the Gusty (Demonspawn Air Elementalist)    Turns: 1934, Time: 00:11:17

Health: 0/26       AC:  3    Str:  8    XL:     3   Next: 32%
Magic:  4/6        EV: 12    Int: 17    God:
Gold:   77         SH:  0    Dex: 13    Spells: 6/7 levels left

rFire    . . .     SeeInvis .   h - +0 short sword
rCold    . . .     Faith    .   (no shield)
rNeg     . . .     Spirit   .   a - +0 robe
rPois    .         Reflect  .   (no helmet)
rElec    .         Harm     .   (no cloak)
rCorr    .         Rampage  .   (no gloves)
Will     .....                  b - +0 pair of boots
Stlth    ++........             (no amulet)
HPRegen  0.08/turn              (no ring)
MPRegen  0.10/turn              (no ring)

@: no status effects
A: talons 1, demonic guardian 1
a: no special abilities


You were on level 2 of the Dungeon.
You visited 1 branch of the dungeon, and saw 2 of its levels.

You collected 77 gold pieces.

Inventory:

Hand Weapons
 c - a +0 club
 h - a +0 short sword (weapon)
Missiles
 f - 16 stones
Armour
 a - a +0 robe (worn)
 b - a +0 pair of boots (worn)
Scrolls
 e - 2 scrolls of teleportation {unknown}
 g - a scroll of immolation {unknown}
 i - a scroll of magic mapping {unknown}
Potions
 d - a potion of resistance {unknown}


   Skills:
 * Level 1.0 Fighting
 + Level 2.2 Dodging
 - Level 1.7 Stealth
 + Level 2.5 Spellcasting
 + Level 1.4 Conjurations
 + Level 2.9 Air Magic


You had 6 spell levels left.
You knew the following spells:

 Your Spells              Type           Power        Failure   Level
a - Shock                 Conj/Air       36%          8%          1

Your spell library contained the following spells:

 Spells                   Type           Power        Failure   Level
 Swiftness                Air            12%          9%          2
 Static Discharge         Conj/Air       9%           22%         3
 Airstrike                Air            6%           47%         4
 Lightning Bolt           Conj/Air       4%           91%         5


Dungeon Overview and Level Annotations

Branches:
Dungeon (2/15)

Altars:

Annotations:
D:2 Robin


Innate Abilities, Weirdness & Mutations

You have sharp toenails.
A weak demonic guardian rushes to your aid.


Message History

Press: ? - help, Q - select action, (/) - cycle Shift-Dir - straight line, f/p - goblin
Aim: a goblin (severely wounded, strong, 40% to evade)
Okay, then.
Robin throws the goblin at you!
* * * LOW HITPOINT WARNING * * *
Okay, then.
Okay, then.
Aiming: Shock (safe; 8% risk of failure)
Press: ? - help, Q - select action, (/) - cycle Shift-Dir - straight line, f/p - goblin
Aim: a goblin (severely wounded, strong, 40% to evade)
The zap hits the goblin.
You kill the goblin!
Robin barely misses you.
Your magical contamination has completely faded away.
Robin says, "Duck!"
Robin says, "My goblins will feast on your bones."
You see here a +0 club.
There is a stone staircase leading up here.
Robin hits you from afar with a +0 trident!
You die...

#.# .#
#g# #.#
.# #.#
#.# .#
#g# #.#
.#
#.##.##
#.....#
##g##<#
#.# #
#@# #.#
#.# ..#
###


You could see Robin.

Vanquished Creatures
  An ooze (D:1)
  3 leopard geckos (D:1)
  4 bats
  2 giant cockroaches (D:1)
  3 goblins (D:2)
  7 hobgoblins
  3 jackals (D:1)
  2 kobolds (D:1)
  A quokka (D:2)
  2 frilled lizards (D:1)
  A rat (D:1)
29 creatures vanquished.

Notes
Turn   | Place    | Note
-------+----------+-------------------------------------------
     0 | D:1      | Majorwet the Demonspawn Air Elementalist began the quest
                  | for the Orb.
     0 | D:1      | Reached XP level 1. HP: 13/13 MP: 3/3
   313 | D:1      | Gained mutation: You have sharp toenails. [demonic
                  | ancestry]
   313 | D:1      | Reached XP level 2. HP: 19/20 MP: 0/5
   964 | D:1      | Gained mutation: A weak demonic guardian rushes to your
                  | aid. [demonic ancestry]
   964 | D:1      | Reached XP level 3. HP: 25/25 MP: 0/6
  1719 | D:2      | Noticed Robin
  1890 | D:2      | Reached skill level 1 in Fighting
  1934 | D:2      | Slain by Robin

Illustrated notes

Levels and vault maps discovered:
D:1:      wander_arrival_desolate, layout_loops_ring, st_stairs_6
D:2:      layout_loops_ring, minmay_tromino_mix6, uniq_jessica, uniq_robin,
          uniq_crazy_yiuf_cottage

Skill      XL: |  1  2  3 |
---------------+----------+-----
Dodging        | 2 |  2.2
Fighting       | 1 |  1.0
Stealth        | |  1.7
Spellcasting   | |  2.5
Conjurations   | |  1.4
Air Magic      | |  2.9

Action                   || total
-------------------------++-------
Melee: Unarmed           ||    13
       Club              ||    47
       Short sword       ||     6
 Cast: Shock             ||    53
 Stab: Sleeping          ||     1
Armor: Robe              ||    31
Dodge: Dodged            ||    82
